 Dungeon Crawl Stone Soup version 0.26.1-11-gd32895ea62 (webtiles) character file.

Game seed: 12985720351544049285

191 Almogavar the Covert (level 5, -5/35 HPs)
             Began as an Octopode Brigand on July 8, 2021.
             Slain by Sigmund
             ... wielding a +0 scythe
              (7 damage)
             ... on level 3 of the Dungeon.
             The game lasted 00:06:23 (3197 turns).

Almogavar the Covert (Octopode Brigand)             Turns: 3197, Time: 00:06:24

Health: -5/35      AC:  1    Str: 10    XL:     5   Next: 70%
Magic:  5/5        EV: 17    Int: 13    God:
Gold:   146        SH:  0    Dex: 15    Spells: 4/4 levels left

rFire    . . .     SeeInvis .   a - +2 dagger
rCold    . . .     Faith    .   (no shield)
rNeg     . . .     Spirit   .   (helmet restricted)
rPois    +         Reflect  .   (no amulet)
rElec    .         Harm     .   h - ring of poison resistance
rCorr    .         Rampage  .   l - ring of flight
Will     .....                  m - +4 ring of evasion
Stlth    +++++.....             (no ring)
HPRegen  0.11/turn              (no ring)
MPRegen  0.09/turn              (no ring)
                                (no ring)
                                (no ring)

@: no status effects
A: almost no armour, stealthy swim, amphibious, 8 rings, constrict 8, camouflage
1, gelatinous body 1
a: Evoke Flight


You were on level 3 of the Dungeon.
You visited 1 branch of the dungeon, and saw 3 of its levels.

You collected 146 gold pieces.

Inventory:

Hand Weapons
 a - a +2 dagger (weapon)
 g - a +0 hunting sling
Missiles
 b - 2 poisoned darts (quivered)
 c - 2 curare-tipped darts
Jewellery
 h - a ring of poison resistance (left tentacle)
 l - a ring of flight (right tentacle)
 m - a +4 ring of evasion (on tentacle)
Scrolls
 e - a scroll of identify
 j - a scroll of blinking
 k - 2 scrolls of remove curse
 n - a scroll of magic mapping {unknown}
Potions
 d - 2 potions of haste
 f - a potion of brilliance
 i - 2 potions of heal wounds {unknown}
 o - a potion of might {unknown}


   Skills:
 + Level 2.5 Fighting
 + Level 2.7 Short Blades
 + Level 2.1 Throwing
 + Level 1.2 Dodging
 + Level 8.5 Stealth


You had 4 spell levels left.
You didn't know any spells.
Your spell library was empty.

Dungeon Overview and Level Annotations

Branches:
Dungeon (3/15)

Altars:
Vehumet
Wu Jian
Xom

Annotations:
D:3 Sigmund


Innate Abilities, Weirdness & Mutations

You cannot wear most types of armour.
You are very stealthy in the water. (Stealth+)
You are amphibious.
You can wear up to eight rings at the same time.
You can use your tentacles to constrict eight enemies at once.
Your skin changes colour to match your surroundings (Stealth+).
Your rubbery body absorbs attacks. (AC +1, EV +1)


Message History

Sigmund flickers and vanishes!
Deactivating autopickup; reactivate with Ctrl-A.
You see here a poisoned dart.
You bump into the rock wall.
You feel less confused.
A magic dart appears from out of thin air!
The magic dart hits you.
A magic dart appears from out of thin air!
The magic dart hits you!
You hear some strange, mumbled words.
A magic dart appears from out of thin air!
The magic dart hits you.
Unknown command.
Something hits you.
* * * LOW HITPOINT WARNING * * *
A magic dart appears from out of thin air!
The magic dart hits you.
* * * LOW HITPOINT WARNING * * *
Something hits you!
You die...

###.#....###
##...............
##...[..###
#.#.#.#(#.#.#.#. ......###
##.....((....... ....###
#.#.#.#.#.#.#.# #....##
##............. ....#.##
#.#.#.#.#.#.#. #....#.##
#...(......... ##......##
#### #..#.#.#.#.#.#
.##.#....##
#.@#####...........
..##.#....##
#...........(..(...
#..##.#..#.##
##.#######.########
..†)##....#.## #.# #.#
.##.)##....#.###.# #.#
##...###......##.# #.#
...###......#'##.# #.#
.###.#....###.##.# #.#
##.)..#.###...##.#######.#


There were no monsters in sight!

Vanquished Creatures
  A scorpion (D:3)
  6 adders (D:2)
  4 oozes
  3 worms
  A dart slug (D:2)
  A leopard gecko (D:3)
  2 orcs (D:3)
  6 bats
  4 giant cockroaches
  4 goblins
  4 hobgoblins
  A jackal (D:3)
  4 quokkas
  2 ball pythons
  6 frilled lizards
  7 kobolds
  5 rats
61 creatures vanquished.

Notes
Turn   | Place    | Note
-------+----------+-------------------------------------------
     0 | D:1      | Almogavar the Octopode Brigand began the quest for the Orb.
     0 | D:1      | Reached XP level 1. HP: 14/14 MP: 1/1
    78 | D:1      | Reached XP level 2. HP: 12/19 MP: 2/2
   200 | D:1      | Reached skill level 6 in Stealth
   342 | D:1      | Reached XP level 3. HP: 24/24 MP: 3/3
  1133 | D:2      | Reached skill level 7 in Stealth
  1225 | D:2      | Reached XP level 4. HP: 24/29 MP: 4/4
  1275 | D:2      | Found a shimmering altar of Xom.
  2020 | D:2      | Found an ornate altar of the Wu Jian Council.
  2203 | D:2      | Reached XP level 5. HP: 35/35 MP: 5/5
  2304 | D:3      | Noticed Sigmund
  2420 | D:3      | Reached skill level 8 in Stealth
  3111 | D:3      | Found a radiant altar of Vehumet.
  3197 | D:3      | Slain by Sigmund

Illustrated notes

Levels and vault maps discovered:
D:1:      lemuel_arrival_rhombus, layout_loops_ring, minmay_misc_feat_columns
D:2:      layout_loops_cross, nzn_wu_jian_contemplation, minmay_statues_item,
          xom_teletrap_fun
D:3:      minmay_razor_zed, layout_loops_ring, vehumet_crystals, hex_large,
          kennysheep_generic_room_12, uniq_sigmund

Skill      XL: |  1  2  3  4  5 |
---------------+----------------+-----
Stealth        | 6 7 8 |  8.5
Fighting       | |  2.5
Short Blades   | |  2.7
Throwing       | |  2.1
Dodging        | |  1.2

Action                   |  1- 3 |  4- 6 || total
-------------------------+-------+-------++-------
Melee: Dagger            |    46 |    79 ||   125
       Tentacles         |     6 |    10 ||    16
       Constrict         |    10 |    15 ||    25
Throw: Dart              |       |     6 ||     6
  Use: Scroll            |       |     5 ||     5
 Stab: Sleeping          |    13 |    14 ||    27
       Distracted        |       |     1 ||     1
Armor: Skin              |     3 |     2 ||     5
Dodge: Dodged            |    10 |    58 ||    68
